[Event "ICC Open 2015"]
[Site "Internet Chess Club"]
[Date "2015.05.29"]
[Round "7"]
[White "RiFlex01"]
[Black "JEMEM"]
[Result "1-0"]
[ICCResult "Black forfeits on time"]
[WhiteElo "2166"]
[BlackElo "1977"]
[Opening "Caro-Kann: exchange variation"]
[ECO "B13"]
[NIC "CK.02"]
[Time "15:18:14"]
[TimeControl "180+0"]

1. e4 c6 2. d4 d5 3. exd5 cxd5 4. Bd3 Nc6 5. c3 Qc7 6. h3 Nf6 7. Nf3 g6 8.
Na3 a6 9. Nc2 Bg7 10. Bg5 b5 11. Ne3 Qd8 12. Qe2 b4 13. Rd1 bxc3 14. bxc3
Qa5 15. O-O O-O 16. Rfe1 Be6 17. c4 dxc4 18. Nxc4 Qd8 19. Nce5 Nb4 20. Bb1
Nbd5 21. Bd2 Qd6 22. Ng5 Bc8 23. a3 Bb7 24. Ba2 Rac8 25. Bb4 Nxb4 26. Bxf7+
Rxf7 27. Ngxf7 Qd5 28. f3 Nc2 29. Rf1 Nh5 30. Qd2 Nxa3 31. Rc1 Nb5 32. Rxc8+
Bxc8 33. Qg5 Qxd4+ 34. Kh1 Qb4 35. Nh6+ Bxh6 36. Qxh6 Qf4 37. Qxf4 Nxf4 38.
Rc1 Be6 39. Nc6 Kf7 40. Ra1 a5 41. Rxa5 Nc3 42. Rc5 Ncd5 43. Kh2 Ne3 44.
Ne5+ Kf6 45. Nc6 Kf7 46. Nd8+ Kf6 47. Rc6 Kf5 48. g3 Ne2 49. Rxe6 Nf1+ 50.
Kg2 Nexg3 51. Re1 g5 52. Rxf1 Nxf1 53. Kxf1 h6 54. Nf7 h5 55. Nh6+ Kg6 56.
Ng8 Kg7 57. Nxe7 Kf6 58. Nd5+ Ke6 59. Ne3 {Black forfeits on time} 1-0

[Event "ICC Open 2015"]
[Site "Internet Chess Club"]
[Date "2015.05.29"]
[Round "7"]
[White "elmonkey"]
[Black "ghorok"]
[Result "0-1"]
[ICCResult "White forfeits on time"]
[WhiteElo "1316"]
[BlackElo "1549"]
[Opening "QGD: classical variation (5.Bf4)"]
[ECO "D31"]
[NIC "QO.17"]
[Time "15:18:40"]
[TimeControl "180+0"]

1. d4 e6 2. c4 d5 3. Nc3 Be7 4. Nf3 Nf6 5. Bf4 O-O 6. h3 b6 7. e3 Nbd7 8.
Be2 c5 9. O-O Bb7 10. a3 Rc8 11. Rc1 a6 12. Qd2 dxc4 13. Bxc4 cxd4 14. Qxd4
Bxf3 15. gxf3 Bc5 16. Qd1 b5 17. Bb3 Qb6 18. Qe2 Rfd8 19. Ne4 Nxe4 20. fxe4
Be7 21. Qg4 Nf6 22. Qg2 Rxc1 23. Rxc1 Qb7 24. Rc7 Qxe4 25. Qxe4 Nxe4 26.
Rxe7 Nc5 27. Bc2 g6 28. Kg2 a5 29. Rc7 Nd7 30. Be4 Nf6 31. Bf3 Re8 32. Rb7
Nd5 33. Rxb5 Nxf4+ 34. exf4 Kg7 35. Rxa5 Rd8 36. Rb5 Rd2 37. a4 Rd6 38. a5
Ra6 39. b4 Ra7 40. Rb6 Rc7 41. a6 Rd7 42. b5 Rd4 43. Rb7 Rxf4 44. a7 Ra4 45.
Rb8 Rxa7 46. b6 Ra5 47. b7 Rb5 48. Ra8 Rxb7 49. Bxb7 h5 50. Be4 h4 51. Ra7
Kf6 52. Bd3 Kg7 53. Bc2 Kf6 54. Rxf7+ Ke5 55. Kf3 g5 56. Kg4 Kd5 57. Kxg5
Kd6 58. Kxh4 Kd5 {White forfeits on time} 0-1

[Event "ICC Open 2015"]
[Site "Internet Chess Club"]
[Date "2015.05.29"]
[Round "7"]
[White "Pkopsa"]
[Black "Galaad"]
[Result "0-1"]
[ICCResult "White forfeits on time"]
[WhiteElo "1598"]
[BlackElo "2021"]
[Opening "Scotch gambit"]
[ECO "C44"]
[NIC "SO.06"]
[Time "15:18:12"]
[TimeControl "180+0"]

1. e4 e5 2. Nf3 Nc6 3. d4 exd4 4. Bc4 Bc5 5. O-O d6 6. Nbd2 Nf6 7. Nb3 O-O
8. Bg5 Bg4 9. h3 Bxf3 10. Qxf3 Ne5 11. Qe2 h6 12. Bh4 Ng6 13. Bg3 Re8 14.
Rad1 d5 15. Nxc5 dxc4 16. Qxc4 Nxe4 17. Rxd4 Nxg3 18. Rxd8 Raxd8 19. fxg3
Ne5 20. Qf4 b6 21. Ne4 Re7 22. g4 Kf8 23. Ng3 Ng6 24. Qf3 Ne5 25. Qf2 Nc4
26. b3 Rd2 27. Qf4 Ne3 28. Rf2 Rd1+ 29. Kh2 Nd5 30. Qf5 Nf6 31. Qc8+ Re8 32.
Qxc7 Rd7 33. Qc4 Nd5 34. Nf5 g6 35. Qd4 gxf5 36. Rxf5 Ne7 37. Qh8+ Ng8
{White forfeits on time}
0-1

[Event "ICC Open 2015"]
[Site "Internet Chess Club"]
[Date "2015.05.29"]
[Round "7"]
[White "ikica"]
[Black "HappyEnding"]
[Result "1-0"]
[ICCResult "Black forfeits on time"]
[WhiteElo "2838"]
[BlackElo "2271"]
[Opening "Nimzo-Indian: classical variation"]
[ECO "E32"]
[NIC "NI.24"]
[Time "15:18:35"]
[TimeControl "180+0"]

1. d4 e6 2. c4 Nf6 3. Nc3 Bb4 4. Qc2 O-O 5. Bg5 c5 6. e3 h6 7. Bh4 d5 8. Nf3
Nbd7 9. cxd5 exd5 10. Bd3 c4 11. Bf5 Qa5 12. O-O Bxc3 13. bxc3 Re8 14. Nd2
Qa6 15. a4 Nf8 16. Rfb1 Ne4 17. Bxe4 dxe4 18. Rb4 Be6 19. Rab1 Bd5 20. Rb5
Bc6 21. R5b4 Bd5 22. Bg3 Rac8 23. h3 Qg6 24. Qd1 b6 25. a5 bxa5 26. Rb5 Be6
27. Rxa5 h5 28. Qxh5 Qxh5 29. Rxh5 f5 30. Be5 Nd7 31. f4 Nxe5 32. fxe5 g6
33. Rg5 Kg7 34. h4 Re7 35. Kf2 Kh6 36. Kg3 Rcc7 37. Kf4 Rb7 38. Rxb7 Rxb7
39. h5 Bf7 40. hxg6 Bxg6 41. e6 Rb6 42. Nxc4 Rxe6 43. Ne5 Be8 44. Rxf5 Ra6
45. Rf8 Ra1 46. Rxe8 Rf1+ 47. Kxe4 Rg1 48. g4 Kg7 49. Kf5 Rg2 50. Re7+ Kf8
51. Rxa7 Rc2 52. Ke6 Rf2 53. Rf7+ {Black forfeits on time} 1-0

[Event "ICC Open 2015"]
[Site "Internet Chess Club"]
[Date "2015.05.29"]
[Round "7"]
[White "Parsifal"]
[Black "MAYAB"]
[Result "1-0"]
[ICCResult "Black checkmated"]
[WhiteElo "2406"]
[BlackElo "1828"]
[Opening "King's Indian: London system"]
[ECO "A48"]
[NIC "QP.03"]
[Time "15:18:44"]
[TimeControl "180+0"]

1. d4 Nf6 2. Nf3 g6 3. Bf4 Bg7 4. e3 d6 5. Be2 O-O 6. h3 Nbd7 7. O-O b6 8.
c4 Bb7 9. Nc3 Ne8 10. Qc2 e5 11. Bh2 exd4 12. exd4 Nef6 13. Rfe1 Re8 14. d5
a5 15. Bf1 Nc5 16. Rad1 Qd7 17. b3 Rxe1 18. Rxe1 Re8 19. Bf4 Rxe1 20. Nxe1
Qe7 21. Nf3 Nfe4 22. Nb5 Bc8 23. Be3 Bf5 24. Qc1 Qd7 25. Nfd4 Bxh3 26. gxh3
f5 27. Nf3 c6 28. dxc6 Qxc6 29. Nbd4 Qb7 30. Bg2 d5 31. cxd5 Qxd5 32. Qc4
Qxc4 33. bxc4 Nd3 34. Ne6 Bb2 35. Bxb6 a4 36. c5 a3 37. c6 Nd6 38. Nfd4 Nb4
39. Bc5 Bxd4 40. Nxd4 Nxa2 41. Bd5+ Kg7 42. Bxa2 Ne4 43. Bxa3 Kf6 44. c7 Ke5
45. c8=Q Kxd4 46. Qc4+ Ke5 47. Qd5+ Kf4 48. Bb4 Kf3 49. Qd3+ Kf4 50. Bd5 Ng5
51. Qe3# {Black checkmated} 1-0

[Event "ICC Open 2015"]
[Site "Internet Chess Club"]
[Date "2015.05.29"]
[Round "7"]
[White "Kiborg95"]
[Black "maly"]
[Result "1-0"]
[ICCResult "Black resigns"]
[WhiteElo "2742"]
[BlackElo "2666"]
[Opening "Caro-Kann: advance variation"]
[ECO "B12"]
[NIC "CK.04"]
[Time "15:18:14"]
[TimeControl "180+0"]

1. e4 c6 2. d4 d5 3. e5 Bf5 4. h4 e6 5. g4 Bg6 6. h5 Be4 7. f3 c5 8. fxe4
cxd4 9. Bb5+ Nc6 10. Bxc6+ bxc6 11. Qxd4 Qc7 12. Nf3 Ne7 13. Nc3 Rb8 14. Bd2
a5 15. b3 Rb4 16. Qd3 dxe4 17. Nxe4 Nd5 18. Bxb4 Bxb4+ 19. c3 Be7 20. h6 g6
21. O-O-O O-O 22. c4 Nb4 23. Qd7 Qb6 24. Qxe7 Nxa2+ 25. Kb2 a4 26. Nf6+
{Black resigns}
1-0

[Event "ICC Open 2015"]
[Site "Internet Chess Club"]
[Date "2015.05.29"]
[Round "7"]
[White "MassCarnage"]
[Black "ural"]
[Result "0-1"]
[ICCResult "White forfeits on time"]
[WhiteElo "2028"]
[BlackElo "2517"]
[Opening "English: three knights system"]
[ECO "A27"]
[NIC "EO.21"]
[Time "15:18:36"]
[TimeControl "180+0"]

1. Nf3 Nc6 2. c4 e5 3. Nc3 Bb4 4. e3 Bxc3 5. bxc3 e4 6. Nd4 Nf6 7. Qc2 O-O
8. g3 Re8 9. Bg2 b6 10. O-O Bb7 11. f3 Nxd4 12. cxd4 exf3 13. Bxf3 Bxf3 14.
Rxf3 d5 15. Bb2 c6 16. Raf1 Re6 17. d3 Rc8 18. e4 dxe4 19. dxe4 Nxe4 20.
Rxf7 Nf6 21. Rxa7 Ra8 22. Rxa8 Qxa8 23. a3 Qe8 24. d5 Re2 25. Qc3 cxd5 26.
cxd5 Qe4 27. Rf2 Rxf2 28. Kxf2 Qxd5 29. Qc8+ Kf7 30. Qc7+ Kg6 31. Bxf6 Qf5+
32. Kg2 Qxf6 33. Qc2+ Kh6 34. Qd2+ g5 35. h4 Kg6 36. Qd3+ Kh6 37. Qe3 Kh5
38. hxg5 Qc6+ 39. Kh3 Qd7+ 40. Kh2 Qc6 41. g4+ Kxg4 42. Qh3+ Kf4 43. Qg3+
Kf5 44. Qh3+ Kxg5 45. Qxh7 Qd6+ 46. Kg2 Qd2+ 47. Kg1 Qc1+ 48. Kg2 Qb2+ 49.
Kg1 Qa1+ 50. Kg2 Qa2+ 51. Kg1 Qa1+ 52. Kg2 Qb2+ 53. Kg1 Kf4
{White forfeits on time}
0-1

[Event "ICC Open 2015"]
[Site "Internet Chess Club"]
[Date "2015.05.29"]
[Round "7"]
[White "Irenaeus"]
[Black "capatal1"]
[Result "1-0"]
[ICCResult "Black forfeits on time"]
[WhiteElo "1752"]
[BlackElo "1477"]
[Opening "Sicilian: closed"]
[ECO "B23"]
[NIC "SI.44"]
[Time "15:18:46"]
[TimeControl "180+0"]

1. e4 c5 2. Nc3 d6 3. f4 e6 4. Nf3 g6 5. Bb5+ Bd7 6. Bxd7+ Qxd7 7. d3 a6 8.
O-O Bg7 9. Qe1 Ne7 10. Qh4 Nbc6 11. Bd2 h6 12. Rab1 Nb4 13. Rfc1 b5 14. a3
Nbc6 15. Ne2 Rb8 16. Ng3 b4 17. a4 a5 18. b3 Nd4 19. Nxd4 Bxd4+ 20. Kh1 Nc6
21. Rf1 Qe7 22. Qh3 Kd7 23. f5 gxf5 24. exf5 Rbg8 25. Rbe1 e5 26. f6+ Qe6
27. Nf5 Rg6 28. Qf3 h5 29. Nxd4 Nxd4 30. Qb7+ Kd8 31. Qb8+ Qc8 32. Qxd6+ Qd7
33. Qb8+ Qc8 34. Qb6+ Qc7 35. Qxc7+ Kxc7 36. Rxe5 Ne6 37. Bf4 Nxf4 38. Rxf4
Kd6 39. Rff5 Rhg8 40. Re6+ {Black forfeits on time} 1-0

[Event "ICC Open 2015"]
[Site "Internet Chess Club"]
[Date "2015.05.29"]
[Round "7"]
[White "fviana"]
[Black "RST2003"]
[Result "1-0"]
[ICCResult "Black forfeits on time"]
[WhiteElo "2342"]
[BlackElo "1844"]
[Opening "Sicilian"]
[ECO "B50"]
[NIC "SI.01"]
[Time "15:18:22"]
[TimeControl "180+0"]

1. e4 c5 2. Nf3 d6 3. b3 Nf6 4. Bb5+ Bd7 5. Bxd7+ Nbxd7 6. Qe2 g6 7. Bb2 Bg7
8. O-O O-O 9. d4 cxd4 10. Nxd4 a6 11. c4 Rc8 12. Nc3 Qa5 13. Rac1 e6 14.
Rfd1 Rfd8 15. Nf3 Qc7 16. h3 b6 17. Qd2 Nc5 18. Qe3 Qb7 19. e5 dxe5 20. Nxe5
Nfd7 21. Nxd7 Rxd7 22. b4 Rxd1+ 23. Rxd1 Nd7 24. Qe2 Qc6 25. b5 axb5 26.
Nxb5 Bxb2 27. Qxb2 Nc5 28. Na7 Na4 29. Qb4 Qxc4 30. Rd8+ Kg7 31. Qf8+ Kf6
32. Rxc8 Nc5 33. Qd8+ Kf5 34. Qd2 Qa6 35. Qc2+ Kf6 36. Qc3+ Kf5 37. Rxc5+
bxc5 38. Qxc5+ Kf6 39. a3 Qd3 40. Nb5 Qd1+ 41. Kh2 Qd3 42. Qd4+ Qxd4 43.
Nxd4 Ke5 44. Nc6+ Kd5 45. Nd8 Kc4 46. Nxf7 Kb3 47. Ng5 Kxa3 48. Nxe6 h6 49.
Nf4 {Black forfeits on time} 1-0

[Event "ICC Open 2015"]
[Site "Internet Chess Club"]
[Date "2015.05.29"]
[Round "7"]
[White "Red-white"]
[Black "HuevosDeLeon"]
[Result "1-0"]
[ICCResult "Black checkmated"]
[WhiteElo "3279"]
[BlackElo "2711"]
[Opening "Dutch: Leningrad, main variation with Nc6"]
[ECO "A89"]
[NIC "HD.06"]
[Time "15:18:48"]
[TimeControl "180+0"]

1. Nf3 d6 2. d4 f5 3. g3 Nf6 4. Bg2 g6 5. O-O Bg7 6. c4 O-O 7. Nc3 Nc6 8. d5
Na5 9. Qd3 e5 10. dxe6 Bxe6 11. b3 Nc6 12. Bb2 Ne4 13. Rac1 h6 14. Qb1 Nxc3
15. Bxc3 Bxc3 16. Rxc3 Qf6 17. Rcc1 a5 18. Rfd1 a4 19. b4 a3 20. b5 Na5 21.
c5 Qb2 22. Nd4 Bxa2 23. Qd3 Rad8 24. Rc2 dxc5 25. Rxb2 axb2 26. Qa3 b1=Q 27.
Rxb1 Bxb1 28. Qxc5 b6 29. Bd5+ Kh8 30. Qe7 Rde8 31. Qxc7 Be4 32. Bxe4 Rxe4
33. e3 g5 34. Qxb6 Kh7 35. Qxa5 f4 36. Qc7+ Kg6 37. Qc6+ Kh5 38. Qxe4 f3 39.
g4+ Kh4 40. Nxf3+ Kh3 41. Nxg5+ hxg5 42. Qg2+ Kh4 43. Qg3# {Black
checkmated} 1-0

[Event "ICC Open 2015"]
[Site "Internet Chess Club"]
[Date "2015.05.29"]
[Round "7"]
[White "legatus"]
[Black "MoonlightWizard"]
[Result "0-1"]
[ICCResult "White forfeits on time"]
[WhiteElo "2393"]
[BlackElo "2984"]
[Opening "French: Winawer, Alekhine gambit, Kan variation"]
[ECO "C15"]
[NIC "FR.08"]
[Time "15:18:30"]
[TimeControl "180+0"]

1. e4 e6 2. d4 d5 3. Nc3 Bb4 4. Ne2 dxe4 5. a3 Bxc3+ 6. Nxc3 Nc6 7. Be3 Nge7
8. Nxe4 O-O 9. c3 e5 10. dxe5 Nxe5 11. Qxd8 Rxd8 12. Rd1 Bg4 13. Rxd8+ Rxd8
14. f3 Bf5 15. Ng3 Bd3 16. Be2 Nc4 17. Bc1 Bxe2 18. Kxe2 Nd5 19. Rd1 c6 20.
Kf2 f6 21. Ne4 Kf7 22. b3 Na5 23. c4 Nxb3 24. Bb2 b6 25. cxd5 cxd5 26. Ng3
g6 27. Ne2 g5 28. Nd4 Nc5 29. Nc6 Rd7 30. Bd4 Ne6 31. Be3 h6 32. Nd4 Nc5 33.
Nf5 Kg6 34. Nd4 Kf7 35. Ra1 Na4 36. Rc1 h5 37. Rc8 Nc5 38. Nc6 Ne6 39. Nd4
Nc5 40. Ra8 Rc7 41. h4 a6 42. Rh8 Kg7 43. Ra8 gxh4 44. Rb8 Rb7
{White forfeits on time}
0-1

[Event "ICC Open 2015"]
[Site "Internet Chess Club"]
[Date "2015.05.29"]
[Round "7"]
[White "Zwischenzug"]
[Black "juniorVishy"]
[Result "0-1"]
[ICCResult "White checkmated"]
[WhiteElo "1825"]
[BlackElo "1732"]
[Opening "Anderssen's opening"]
[ECO "A00"]
[NIC "VO.14"]
[Time "15:18:43"]
[TimeControl "180+0"]

1. a3 d5 2. Nf3 Nf6 3. c4 c6 4. e3 e6 5. d4 Bd6 6. Nc3 O-O 7. Bd3 Nbd7 8.
O-O dxc4 9. Bxc4 e5 10. dxe5 Nxe5 11. Nxe5 Bxe5 12. Qc2 Bg4 13. Be2 Qc7 14.
h3 Bxe2 15. Nxe2 Rad8 16. Bd2 Rd7 17. Bc3 Rfd8 18. Rad1 Nd5 19. Bxe5 Qxe5
20. Ng3 Nxe3 21. Rxd7 Rxd7 22. fxe3 Qxg3 23. Rf3 Qd6 24. Qf5 f6 25. Qg4 Qd1+
26. Kh2 Qd6+ 27. Kg1 Qe5 28. Qc4+ Kf8 29. Qc2 Kg8 30. Qb3+ Qd5 31. Qxd5+
Rxd5 32. Rf2 Kf7 33. Re2 Ke6 34. Kf2 Ke5 35. Rc2 Rb5 36. g3 Ke4 37. Rc4+ Kd3
38. Rc3+ Kd2 39. e4 Rxb2 40. Rc5 Kd3+ 41. Kf3 Kd4 42. Ra5 a6 43. a4 g6 44.
h4 c5 45. h5 Kc4 46. hxg6 hxg6 47. e5 fxe5 48. Ke4 Kb4 49. Kxe5 Kxa5 50. Kf6
Kxa4 51. Kxg6 Rb3 52. Kf5 Rxg3 53. Ke5 Rd3 54. Ke4 Rd8 55. Ke5 c4 56. Ke6 c3
57. Ke7 Rd1 58. Ke6 c2 59. Kf5 c1=Q 60. Kg4 Qe3 61. Kf5 Rf1+ 62. Kg4 Qg1+
63. Kh3 Rf2 64. Kh4 Rh2# {White checkmated} 0-1

[Event "ICC Open 2015"]
[Site "Internet Chess Club"]
[Date "2015.05.29"]
[Round "7"]
[White "editm"]
[Black "geographywhiz"]
[Result "1-0"]
[ICCResult "Black forfeits on time"]
[WhiteElo "1902"]
[BlackElo "1955"]
[Opening "Nimzo-Indian: classical variation"]
[ECO "E32"]
[NIC "NI.20"]
[Time "15:17:51"]
[TimeControl "180+0"]

1. d4 Nf6 2. c4 e6 3. Nc3 Bb4 4. Qc2 O-O 5. a3 Bxc3+ 6. Qxc3 Ne4 7. Qc2 f5
8. e3 c5 9. dxc5 a5 10. Nf3 Nc6 11. Be2 Nxc5 12. O-O Ne4 13. Nd2 Nxd2 14.
Bxd2 Qc7 15. Bc3 b6 16. b4 Bb7 17. Bf3 Rab8 18. Qd3 Rfd8 19. Rfd1 Ne5 20.
Bxe5 Qxe5 21. Bxb7 Rxb7 22. Qd4 Qxd4 23. Rxd4 Rc7 24. Rad1 axb4 25. axb4 Kf7
26. Rd6 Rxc4 27. Rxb6 d5 28. Rb7+ Kf6 29. Kf1 Ra8 30. b5 Rb4 31. Rc1 Ra2 32.
f4 Rbb2 33. b6 Rf2+ 34. Ke1 Rxg2 35. Kf1 Rxh2 36. Kg1 Rhg2+ 37. Kf1 Rgf2+
38. Kg1 Rg2+ 39. Kf1 Raf2+ 40. Ke1 Rg1+ 41. Kxf2 Rxc1 42. Rc7 Rb1 43. b7 h6
44. Kf3 g5 45. fxg5+ hxg5 46. Rh7 g4+ 47. Kg3 Ke5 48. Re7 Rb3 49. Kf2 g3+
50. Kf3 d4 51. Kxg3 Rxe3+ 52. Kf2 Rb3 53. Ke2 Kd6 54. Rh7 Kc6 55. Rg7 Rxb7
56. Rg1 Re7 57. Rc1+ Kd5 58. Rb1 e5 59. Rb5+ Ke4 60. Rb8 f4 61. Rh8 Rc7 62.
Rh4 Rc2+ 63. Kd1 d3 64. Rh3 Rf2 65. Rh6 Rf3 66. Rh2 Rf2 67. Rxf2 Ke3 68. Rd2
e4 69. Rb2 f3 70. Rb3 f2 71. Rb2 {Black forfeits on time} 1-0

[Event "ICC Open 2015"]
[Site "Internet Chess Club"]
[Date "2015.05.29"]
[Round "7"]
[White "jonesey"]
[Black "BlueJ"]
[Result "1-0"]
[ICCResult "Black checkmated"]
[WhiteElo "1916"]
[BlackElo "2190"]
[Opening "English: symmetrical, Botvinnik system"]
[ECO "B20"]
[NIC "EO.30"]
[Time "15:18:49"]
[TimeControl "180+0"]

1. e4 c5 2. c4 Nc6 3. Nc3 g6 4. g3 Bg7 5. Bg2 d6 6. Nge2 e6 7. d3 Nge7 8.
Rb1 O-O 9. O-O Rb8 10. a3 a5 11. Bd2 Nd4 12. b4 axb4 13. axb4 b6 14. bxc5
dxc5 15. Bf4 Rb7 16. e5 Rd7 17. Ne4 Bb7 18. Nxd4 Rxd4 19. Nf6+ Bxf6 20. exf6
Nc6 21. Qc1 Qxf6 22. Rxb6 Nb4 23. Bg5 Qf5 24. Rxb7 Nxd3 25. Qe3 Rxc4 26. Be7
Re8 27. Bc6 Rxe7 28. Rxe7 Ne5 29. Qh6 Nf3+ 30. Bxf3 f6 31. Qg7#
{Black checkmated}
1-0

[Event "ICC Open 2015"]
[Site "Internet Chess Club"]
[Date "2015.05.29"]
[Round "7"]
[White "Sebs"]
[Black "Dlugy"]
[Result "1-0"]
[ICCResult "Black checkmated"]
[WhiteElo "2946"]
[BlackElo "3025"]
[Opening "QGA: classical, 6...a6"]
[ECO "D27"]
[NIC "QG.07"]
[Time "15:18:29"]
[TimeControl "180+0"]

1. d4 d5 2. c4 dxc4 3. Nf3 a6 4. e3 e6 5. Bxc4 c5 6. O-O Nf6 7. Nc3 b5 8.
Bb3 Bb7 9. Qe2 Qc7 10. Bd2 Nbd7 11. Rac1 Rc8 12. e4 b4 13. Na4 Nxe4 14. Bxb4
Be7 15. dxc5 O-O 16. c6 Bxb4 17. Qxe4 Bxc6 18. Qxb4 Qa7 19. Nd4 Ba8 20. Rfd1
Rxc1 21. Rxc1 Nf6 22. Nxe6 Rb8 23. Qc5 Qb7 24. Nf4 h6 25. Qc7 Qb4 26. Qxf7+
Kh8 27. Ng6+ Kh7 28. Ne5 Be4 29. Nc3 Qc5 30. Qc4 Qxe5 31. Nxe4 Ng4 32. Qc7
Qxb2 33. Re1 Re8 34. Ng5+ hxg5 35. Qc2+ Kh6 36. Rxe8 Qa1+ 37. Qd1 Qxd1+ 38.
Bxd1 Nf6 39. Re6 Kg6 40. Rxa6 Kf7 41. a4 Nd5 42. a5 Nb4 43. Ra7+ Ke6 44. a6
Kd6 45. Ra8 Nc6 46. a7 Nxa7 47. Rxa7 g6 48. Rg7 Ke6 49. Rxg6+ Kf5 50. Rxg5+
Kxg5 51. g3 Kf5 52. Kg2 Kg5 53. h4+ Kf5 54. Kh3 Kf6 55. g4 Kg6 56. h5+ Kf6
57. Kh4 Kg7 58. f4 Kf7 59. h6 Kf6 60. g5+ Kg6 61. Kg4 Kh7 62. Kh5 Kg8 63. g6
Kf8 64. f5 Ke7 65. Bc2 Kf6 66. h7 Ke5 67. h8=Q+ Kf4 68. g7 Ke3 69. g8=Q Kd2
70. Qf6 Kc1 71. Qge6 Kd2 72. Qfe5 Kc1 73. Q6d5 Kxc2 74. Qed4 Kb1 75. Qb3+
Kc1 76. Qdd1# {Black checkmated} 1-0

[Event "ICC Open 2015"]
[Site "Internet Chess Club"]
[Date "2015.05.29"]
[Round "7"]
[White "Pantani"]
[Black "Kseroks"]
[Result "0-1"]
[ICCResult "White checkmated"]
[WhiteElo "3013"]
[BlackElo "2819"]
[Opening "QGD semi-Slav: 5.e3"]
[ECO "D45"]
[NIC "SL.08"]
[Time "15:18:31"]
[TimeControl "180+0"]

1. d4 d5 2. c4 e6 3. Nc3 Nf6 4. Nf3 c6 5. e3 Be7 6. b3 O-O 7. Bd3 Nbd7 8.
O-O b6 9. e4 Bb4 10. e5 Bxc3 11. Bg5 Bxa1 12. Qxa1 h6 13. Bh4 g5 14. Nxg5
hxg5 15. Bxg5 Kg7 16. f4 Rh8 17. f5 Rh5 18. Qc1 dxc4 19. fxe6 cxd3 20. exf6+
Kh8 21. e7 Qg8 22. Qxc6 Ba6 23. Bd2 Qe8 24. Qf3 Rh7 25. Qg4 Ne5 26. Qg3 Ng6
27. Rf5 Qb8 28. Bf4 Nxf4 29. Rxf4 d2 30. Qg4 Qxf4 31. Qxf4 d1=Q+ 32. Kf2
Qf1+ 33. Kg3 Qxf4+ 34. Kxf4 Rh6 35. Kg5 Rg6+ 36. Kf5 Bc8+ 37. Ke5 Be6 38. d5
Bxd5 39. Kxd5 Rxf6 40. Ke5 Re6+ 41. Kf5 Rxe7 42. g4 Re6 43. Kg5 Rae8 44. Kf4
Rg8 45. Kg3 Rgg6 46. h3 Re3+ 47. Kh4 Rh6+ 48. Kg5 Rhxh3 49. Kf4 Rhg3 50. Kg5
Rgf3 51. Kh5 Re4 52. Kh4 Rff4 53. Kh5 Rxg4 54. Kh6 Rg1 55. Kh5 Re2 56. Kh6
Rh2# {White checkmated} 0-1

[Event "ICC Open 2015"]
[Site "Internet Chess Club"]
[Date "2015.05.29"]
[Round "7"]
[White "playformaximum"]
[Black "BlackHorse97"]
[Result "1-0"]
[ICCResult "Black forfeits on time"]
[WhiteElo "3014"]
[BlackElo "2449"]
[Opening "King's Indian: orthodox, Aronin-Taimanov, 9.Ne1"]
[ECO "E98"]
[NIC "KI.03"]
[Time "15:18:32"]
[TimeControl "180+0"]

1. d4 Nf6 2. c4 g6 3. Nc3 Bg7 4. e4 d6 5. Nf3 O-O 6. Be2 e5 7. O-O Nc6 8. d5
Ne7 9. Ne1 Nd7 10. Be3 f5 11. f3 f4 12. Bf2 g5 13. Nd3 Nf6 14. c5 Ng6 15.
Rc1 Rf7 16. Kh1 Bf8 17. cxd6 Bxd6 18. Nb5 g4 19. Nxa7 Bd7 20. Nc5 g3 21.
Nxd7 Nxd7 22. Bg1 gxh2 23. Bf2 Rg7 24. Nb5 Nh4 25. Bxh4 Qxh4 26. Bc4 Nf6 27.
Nc3 Nh5 28. Ne2 Kh8 29. Qe1 Qg5 30. Rf2 Bc5 31. d6 cxd6 32. Rd1 Rc8 33. Be6
Bxf2 34. Qxf2 Rc2 35. Rc1 Rxc1+ 36. Nxc1 Ng3+ 37. Kxh2 Rg6 38. Bh3 Rh6 39.
Nd3 Nh5 40. Kg1 Qg3 41. Qxg3 Nxg3 42. Kf2 Rg6 43. Nb4 Rg8 44. Nd5 Ra8 45. a3
Ra5 46. Nc3 Rc5 47. Be6 b5 48. Bd7 Rc4 49. Bxb5 Rd4 50. Ke1 h6 51. b4 Kg7
52. Be2 Kf6 53. Nb5 {Black forfeits on time} 1-0

[Event "ICC Open 2015"]
[Site "Internet Chess Club"]
[Date "2015.05.29"]
[Round "7"]
[White "livis"]
[Black "asithink"]
[Result "0-1"]
[ICCResult "White forfeits on time"]
[WhiteElo "1942"]
[BlackElo "2138"]
[Opening "Robatsch (modern) defense"]
[ECO "B06"]
[NIC "KF.05"]
[Time "15:18:38"]
[TimeControl "180+0"]

1. e4 g6 2. d4 Bg7 3. Nf3 c6 4. Be2 d5 5. e5 Bg4 6. c3 e6 7. O-O h5 8. h3
Bxf3 9. Bxf3 Ne7 10. Bg5 Qd7 11. Nd2 c5 12. Nb3 cxd4 13. cxd4 Nbc6 14. Nc5
Qc7 15. Nb3 Nf5 16. Rc1 Qb6 17. Be3 a5 18. Nc5 O-O 19. b3 Rfc8 20. Qd2 Qb4
21. Qd3 Ncxd4 22. Bxd4 Qxd4 23. Qb5 Qxe5 24. Qxb7 Nd4 25. Nd7 Qg5 26. Rxc8+
Rxc8 27. Qxc8+ Kh7 28. Bd1 Nf5 29. Nf8+ Kh6 30. Nd7 Nh4 31. g3 Nf5 32. Kh2
h4 33. g4 Qf4+ 34. Kg1 Nd6 35. Qc2 Ne4 36. Be2 Qd6 37. Qc1+ g5 38. Qc8 Qf4
39. Nc5 Nxc5 40. Qxc5 Be5 {White forfeits on time} 0-1

[Event "ICC Open 2015"]
[Site "Internet Chess Club"]
[Date "2015.05.29"]
[Round "7"]
[White "bennywins"]
[Black "jugador"]
[Result "0-1"]
[ICCResult "White checkmated"]
[WhiteElo "1164"]
[BlackElo "1691"]
[Opening "Sicilian"]
[ECO "B50"]
[NIC "SI.01"]
[Time "15:18:19"]
[TimeControl "180+0"]

1. e4 c5 2. Nf3 d6 3. c3 Nf6 4. d3 e6 5. Bg5 Nc6 6. Be2 Be7 7. O-O O-O 8. a3
a6 9. Nbd2 Bd7 10. Nc4 b5 11. Ne3 h6 12. Bf4 d5 13. e5 Nh5 14. Bg3 Nxg3 15.
hxg3 d4 16. cxd4 Nxd4 17. Nxd4 cxd4 18. Nc2 Bc5 19. b4 Bb6 20. Bf3 Rb8 21.
Re1 f6 22. exf6 Qxf6 23. g4 Be8 24. Rc1 Bg6 25. Qe2 Rbe8 26. Bc6 Re7 27. Bd5
Kh8 28. Be4 Bxe4 29. Qxe4 Qxf2+ 30. Kh1 Bc7 31. Qe2 Qh4+ 32. Kg1 Qh2#
{White checkmated}
0-1

[Event "ICC Open 2015"]
[Site "Internet Chess Club"]
[Date "2015.05.29"]
[Round "7"]
[White "BigSerge"]
[Black "slothchess"]
[Result "1/2-1/2"]
[ICCResult "Black stalemated"]
[WhiteElo "1973"]
[BlackElo "1604"]
[Opening "Sicilian: Smith-Morra gambit"]
[ECO "B21"]
[NIC "SI.48"]
[Time "15:18:35"]
[TimeControl "180+0"]

1. e4 c5 2. d4 cxd4 3. c3 dxc3 4. Nxc3 Nc6 5. Nf3 e6 6. Bc4 a6 7. O-O d6 8.
Qe2 Nf6 9. Rd1 Qc7 10. Bf4 Ne5 11. Bb3 Be7 12. Rac1 Qb8 13. Bg3 O-O 14. Nd4
Bd7 15. f4 Nc6 16. Nf3 Rd8 17. h3 Be8 18. Kh1 b5 19. f5 Na5 20. fxe6 Nxb3
21. axb3 fxe6 22. e5 dxe5 23. Bxe5 Rxd1+ 24. Rxd1 Qb6 25. Bd4 Qc6 26. Ne5
Qc8 27. Ne4 Nxe4 28. Qxe4 Bf6 29. Nf3 Bxd4 30. Rxd4 Bg6 31. Qf4 Qf8 32. Qe5
Qf6 33. Qd6 e5 34. Nxe5 Qxd6 35. Rxd6 Re8 36. Nxg6 hxg6 37. Rxa6 Re2 38. Rb6
Rxb2 39. Rxb5 Kh7 40. Rb8 Kh6 41. b4 Kg5 42. b5 Kh4 43. Kh2 g5 44. b6 g4 45.
hxg4 Kxg4 46. b7 Kg5 47. Kh3 Kg6 48. g3 Rb3 49. Kh4 Rb5 50. g4 Rb4 51. Kg3
Kg5 52. Kf3 Rb3+ 53. Ke4 Rb4+ 54. Kd5 Kxg4 55. Kc6 g5 56. Rg8 Rc4+ 57. Kb5
Rc1 58. b8=Q Rb1+ 59. Kc4 Rxb8 60. Rxb8 Kf3 61. Kd3 g4 62. Rf8+ Kg2 63. Ke3
g3 64. Ke2 Kh1 65. Kf3 g2 66. Rh8+ Kg1 67. Rg8 Kh1 68. Rxg2 {Black
stalemated} 1/2-1/2